 Dungeon Crawl Stone Soup version 0.29.1-2-gbd0b4ee654 (webtiles) character file.

Game seed: 2063059790235533493

921 sanboga the Basher (level 7, -4/64 HPs)
             Began as a Minotaur Monk on Nov 19, 2022.
             Slain by an ogre
             ... wielding a +0 giant spiked club
              (24 damage)
             ... on level 5 of the Dungeon.
             The game lasted 00:05:34 (5366 turns).

sanboga the Basher (Minotaur Monk)                  Turns: 5366, Time: 00:05:35

Health: -4/64      AC: 16    Str: 15    XL:     7   Next: 84%
Magic:  0/6        EV:  7    Int:  7    God:
Gold:   297        SH:  0    Dex: 13    Spells: 6/6 levels left

rFire   + . .      SeeInvis .   s - +0 flail (protect)
rCold   + + .      Faith    .   (no shield)
rNeg    . . .      Spirit   +   w - +0 chain mail
rPois   .          Reflect  .   (helmet unavailable)
rElec   .          Harm     .   t - scarf {rC+ rF+}
rCorr   .          Rampage  .   (no gloves)
Will    .....                   (no boots)
Stlth   ..........              r - amulet of guardian spirit
HPRegen 0.20/turn               n - ring of protection from cold
MPRegen 0.10/turn               (no ring)

@: under a protective aura
A: horns 3, retaliatory headbutt, sense surroundings 1, weak 1
a: no special abilities


You were on level 5 of the Dungeon.
You visited 1 branch of the dungeon, and saw 5 of its levels.

You collected 297 gold pieces.

Inventory:

Hand Weapons
 s - a +0 flail of protection (weapon)
Armour
 t - a scarf of resistance (worn)
 w - a +0 chain mail (worn)
Jewellery
 n - a ring of protection from cold (left hand)
 r - an amulet of guardian spirit (around neck)
Wands
 j - a wand of digging (6)
Scrolls
 a - a scroll of brand weapon {unknown}
 d - a scroll of noise {unknown}
 e - 2 scrolls of silence
 f - a scroll of butterflies {unknown}
 h - a scroll of summoning {unknown}
 i - 2 scrolls of teleportation {unknown}
 l - 3 scrolls of fear {unknown}
 m - 6 scrolls of identify {unknown}
 o - a scroll of amnesia {unknown}
 q - a scroll of immolation {unknown}
 u - a scroll of torment {unknown}
 v - 2 scrolls of magic mapping {unknown}
Potions
 b - 2 potions of heal wounds
 c - a potion of ambrosia
 g - a potion of attraction {unknown}
 k - a potion of brilliance {unknown}
 p - a potion of might
 x - a potion of haste {unknown}


   Skills:
 + Level 6.5 Fighting
 * Level 8.5 Maces & Flails
 + Level 5.0 Armour
 - Level 3.2 Dodging
 - Level 1.5 Stealth


You had 6 spell levels left.
You didn't know any spells.
Your spell library contained the following spells:

 Spells                   Type           Power      Damage    Failure   Level
 Magic Dart               Conj           0%         1d3       100%        1
 Sting                    Tmut/Pois      0%         1d3       100%        1
 Call Imp                 Summ           0%         N/A       100%        2
 Poisonous Vapours        Pois/Air       0%         N/A       100%        2
 Mephitic Cloud           Conj/Pois/Air  0%         N/A       100%        3
 Ozocubu's Armour         Ice            0%         N/A       100%        3
 Olgreb's Toxic Radiance  Pois           0%         N/A       100%        4
 Passage of Golubria      Tloc           0%         N/A       100%        4
 Iskenderun's Battlesphe  Conj           0%         2d6       100%        5
 Silence                  Hex/Air        0%         N/A       100%        5
 Iron Shot                Conj/Erth      0%         9d1       100%        6
 Ozocubu's Refrigeration  Ice            0%         4d7       100%        7
 Spellforged Servitor     Conj/Summ      0%         N/A       100%        7
 Lehudib's Crystal Spear  Conj/Erth      0%         10d2      100%        8


Dungeon Overview and Level Annotations

Branches:
Dungeon (5/15)
 Temple: D:4-7

Altars:
Ru
Sif Muna
Zin

Annotations:
D:3 exclusion: door


Innate Abilities, Weirdness & Mutations

You have a pair of large horns on your head.
You reflexively headbutt those who attack you in melee.
You passively map a small area around you.
You are weak. (Str -2)


Message History

You headbutt the iguana, but do no damage.
The iguana barely misses you.
You closely miss the iguana. The iguana completely misses you.
You furiously retaliate!
You headbutt the iguana. You barely miss the iguana.
The iguana is moderately wounded.
The iguana bites you but does no damage.
You hit the iguana.
Your weapon exudes an aura of protection.
The iguana is heavily wounded.
The iguana bites you but does no damage.
You closely miss the iguana. Your headbutt misses the iguana.
The iguana is heavily wounded.
The iguana barely misses you. You furiously retaliate!
You headbutt the iguana. You barely miss the iguana.
The iguana is severely wounded.
The iguana bites you but does no damage.
You closely miss the iguana.
The iguana is severely wounded.
The iguana bites you but does no damage.
You hit the iguana.
Your weapon exudes an aura of protection.
You kill the iguana!
You thump the ogre!
You headbutt the ogre, but do no damage.
The ogre is moderately wounded.
The ogre hits you with a +0 giant spiked club!
You sock the ogre!
The ogre is heavily wounded.
The ogre hits you with a +0 giant spiked club.
You hit the ogre but do no damage.
The ogre is heavily wounded.
You hit the ogre.
The ogre is severely wounded.
The ogre hits you with a +0 giant spiked club.
* * * LOW HITPOINT WARNING * * *
You hit the ogre. Your headbutt misses the ogre.
The ogre is almost dead.
The ogre hits you with a +0 giant spiked club!!
You die...

# ####...........# # #.
....(.........# # #.#
#............# # #.#
#<...........## # #.#
#.............# # #.#
#.O...........# # #.#
#))...........#* ###
#######.####(#####'###'#.#, ..#
#..[......@O(.....)[)).#.#
..#####.#####)#'########.#)###.#.
..[.....# #)#.#...# #)#.......
#...#########.#.#.#.# #.#.###O##
..............#.#.#.#....l>..#..
#...#########.#.#.#.####...#.###
#....# #.#...#.# *#...#.# ..#..#
###.#####.# ..l.# # #######
#...#...#.#*##.#.#


You could see an ogre.

Vanquished Creatures
  Duvessa (D:4)
  A black bear (D:4)
  An ice beast (D:5)
  A kobold brigand (D:5)
  Blork the orc (D:5)
  A gnoll sergeant (D:5)
  A necrophage (D:5)
  Dowan (D:4)
  A jelly (D:5)
  Crazy Yiuf (D:2)
  An iguana (D:5)
  11 gnolls
  4 adders
  2 worms (D:2)
  A dart slug (D:1)
  8 orcs (D:5)
  2 bats
  5 endoplasms
  3 giant cockroaches
  5 goblins
  9 hobgoblins
  10 jackals
  5 quokkas
  8 ball pythons
  2 frilled lizards
  7 kobolds
  3 rats
96 creatures vanquished.

Notes
Turn   | Place    | Note
-------+----------+-------------------------------------------
     0 | D:1      | sanboga the Minotaur Monk began the quest for the Orb.
     0 | D:1      | Reached XP level 1. HP: 19/19 MP: 0/0
   401 | D:1      | Reached skill level 4 in Maces & Flails
   411 | D:1      | Reached XP level 2. HP: 27/27 MP: 1/1
   441 | D:1      | Reached skill level 1 in Armour
  1030 | D:2      | Reached XP level 3. HP: 21/33 MP: 2/2
  1371 | D:2      | Found a runed translucent door.
  1372 | D:2      | Noticed Crazy Yiuf
  1421 | D:2      | Found a faded altar of an unknown god.
  1481 | D:2      | Gained mutation: You are weak. (Str -2) [potion of
                  | mutation]
  1481 | D:2      | Gained mutation: You passively map a small area around you.
                  | [potion of mutation]
  1481 | D:2      | Gained mutation: You have a pair of large horns on your
                  | head. [potion of mutation]
  1490 | D:2      | Killed Crazy Yiuf
  1791 | D:3      | Reached XP level 4. HP: 40/41 MP: 3/3
  1827 | D:3      | Reached skill level 5 in Maces & Flails
  1827 | D:3      | Found a glowing silver altar of Zin.
  2481 | D:3      | Found a shimmering blue altar of Sif Muna.
  3224 | D:4      | Reached XP level 5. HP: 19/47 MP: 1/4
  3513 | D:4      | Noticed a black bear
  3518 | D:4      | Killed a black bear
  3519 | D:4      | Reached skill level 5 in Fighting
  3519 | D:4      | Reached skill level 6 in Maces & Flails
  3804 | D:4      | Reached XP level 6. HP: 17/56 MP: 1/5
  4058 | D:4      | Noticed Dowan
  4060 | D:4      | Noticed Duvessa
  4068 | D:4      | Killed Duvessa
  4084 | D:4      | Killed Dowan
  4278 | D:4      | Reached skill level 7 in Maces & Flails
  4441 | D:5      | Entered Level 5 of the Dungeon
  4519 | D:5      | Found a sacrificial altar of Ru.
  4721 | D:5      | Reached XP level 7. HP: 53/61 MP: 6/6
  4842 | D:5      | Noticed Blork the orc
  4868 | D:5      | Killed Blork the orc
  4869 | D:5      | Reached skill level 8 in Maces & Flails
  5242 | D:5      | Reached skill level 5 in Armour
  5366 | D:5      | Slain by an ogre

Illustrated notes

Levels and vault maps discovered:
D:1:      mrwooster_arrival_statue_2, layout_basic
D:2:      layout_rooms, basic_ecumenical_altar, minmay_tromino_v4_a,
          uniq_crazy_yiuf_cottage
D:3:      layout_basic, zin_academy, led_sif_book, kennysheep_cluttered_room,
          lightli_corner_chamber
D:4:      layout_gridville, uniq_duvessa
D:5:      layout_basic, nicolae_ru_sacrificial_ziggurat,
          mrwooster_statue_mirror, minmay_statues_item, roderic_serpentine_path,
          uniq_blork_the_orc, uniq_eustachio

Skill      XL: |  1  2  3  4  5  6  7 |
---------------+----------------------+-----
Maces & Flails | 4 5 6 7 8 |  8.5
Armour         | 1 2 3 4 5 |  5.0
Fighting       | 4 5 6 |  6.5
Dodging        | |  3.2
Stealth        | |  1.5

Action                   |  1- 3 |  4- 6 |  7- 9 || total
-------------------------+-------+-------+-------++-------
Melee: Mace              |    67 |    59 |       ||   126
       Headbutt          |    13 |    18 |    18 ||    49
       Punch             |     2 |     1 |       ||     3
       Flail             |       |    56 |    75 ||   131
  Use: Potion            |     2 |       |     2 ||     4
       Scroll            |       |     1 |       ||     1
 Stab: Sleeping          |     4 |       |       ||     4
Armor: Robe              |     7 |    21 |       ||    28
       Skin              |     3 |       |       ||     3
       Scale mail        |       |    23 |       ||    23
       Chain mail        |       |     4 |    35 ||    39
Dodge: Dodged            |    44 |    85 |    25 ||   154
